 Dungeon Crawl Stone Soup version 0.31-a0-152-g6aa68a64a1 (webtiles) character file.

Game seed: 8751617108122226726

91 qw the Shooter (level 4, 0/38 HPs)
             Began as a Minotaur Hunter on June 9, 2023.
             Slain by Grinder (4 damage)
             ... while paralysed by Grinder
             ... on level 3 of the Dungeon.
             The game lasted 00:00:45 (2148 turns).

qw the Shooter (Minotaur Hunter)                    Turns: 2148, Time: 00:00:46

Health: 0/38       AC:  3    Str: 15    XL:     4   Next: 34%
Magic:  3/3        EV:  2    Int:  6    God:
Gold:   92         SH:  0    Dex: 16    Spells: 3/3 levels left

rFire   . . .        Y - +0 shortbow
rCold   . . .        (shield currently unavailable)
rNeg    . . .        c - +0 leather armour
rPois   .            (helmet restricted)
rElec   .            (no cloak)
rCorr   .            (no gloves)
SInv    .            (no boots)
Will    .....        (no amulet)
Stlth   +            (no ring)
HPRegen 0.26/turn    (no ring)
MPRegen 0.08/turn

%: no passive effects
@: paralysed
A: horns 2, retaliatory headbutt
a: no special abilities


You were on level 3 of the Dungeon.
You visited 1 branch of the dungeon, and saw 3 of its levels.

You collected 92 gold pieces.


Innate Abilities, Weirdness & Mutations

You have a pair of horns on your head.
You reflexively headbutt those who attack you in melee.


   Skills:
 + Level 3.5 Fighting
 - Level 6.0 Ranged Weapons
 - Level 2.1 Dodging
 - Level 0.7 Stealth


You had 3 spell levels left.
You didn't know any spells.
Your spell library was empty.

Inventory:

Hand Weapons
 Y - a +0 shortbow (weapon)
Armour
 c - a +0 leather armour (worn)
Scrolls
 a - 4 scrolls of identify
 b - a scroll of enchant weapon {unknown}
 f - a scroll of magic mapping {unknown}
Potions
 d - a potion of degeneration {unknown}
 e - a potion of curing
 i - a potion of might {unknown}
 j - a potion of magic {unknown}
 k - a potion of brilliance {unknown}

Dungeon Overview and Level Annotations

Branches:
Dungeon (3/15)

Altars:

Annotations:
D:2 1 runed translucent door, Crazy Yiuf
D:3 Grinder


Message History

Enter note:
Enter note:
Enter note: You shoot an arrow.
The arrow hits Grinder.
Grinder is lightly wounded.
You shoot an arrow. The arrow hits Grinder.
Grinder is lightly wounded.
You shoot an arrow.
The arrow hits Grinder but does no damage.
Grinder is lightly wounded.
You shoot an arrow. The arrow hits Grinder.
Grinder is moderately wounded.
You shoot an arrow. The arrow hits Grinder!
Grinder is moderately wounded.
Grinder gestures at you.
You suddenly lose the ability to move!
Grinder hits you.
You writhe in agony.
Grinder hits you but does no damage.
You can move again.
You shoot an arrow. The arrow hits Grinder.
Grinder is heavily wounded.
Grinder hits you.
You writhe in agony.
You shoot an arrow. The arrow hits Grinder.
Grinder is heavily wounded.
Grinder gestures at you. Pain shoots through your body!
You shoot an arrow. The arrow hits Grinder.
Grinder is severely wounded.
Grinder hits you.
You writhe in agony.
Grinder hits you.
You writhe in agony.
2145 ||| DRINKING potion of heal wounds.
You feel much better. Grinder hits you but does no damage.
You shoot an arrow. The arrow hits Grinder.
Grinder is severely wounded.
Grinder gestures at you.
You suddenly lose the ability to move!
Grinder gestures at you. Pain shoots through your body! Grinder hits you!
You writhe in agony.
You die...

##. #...# ##.
#...# #..
#...# #..
#...# #..
#...# ##.
#...# ## #.5.#
####### #
#$@.###.....#
##.###.?.####
##.#.....#
#....##.##
#....###..#
#......# #.##
# ###....# #.#
#.##
#....###.#
...##....##>.#
#


You could see Grinder.

Vanquished Creatures
  3 adders (D:2)
  2 worms
  A dart slug (D:1)
  8 endoplasms
  2 giant cockroaches
  4 goblins
  3 hobgoblins
  4 jackals (D:2)
  7 kobolds
  A quokka (D:3)
  7 ball pythons
  3 bats
  5 frilled lizards
  5 rats
55 creatures vanquished.

Notes
Turn   | Place    | Note
-------+----------+-------------------------------------------
     0 | D:1      | qw the Minotaur Hunter began the quest for the Orb.
     0 | D:1      | Reached XP level 1. HP: 18/18 MP: 0/0
     0 | D:1      | 0 ||| qw: Version: 0.2-a-121-gba3a3e5
     0 | D:1      | 0 ||| qw: Game counter: 3223
     0 | D:1      | 0 ||| qw: Always use a shield: true
     0 | D:1      | 0 ||| qw: God list: Okawaru
     0 | D:1      | 0 ||| qw: Allow faded altars: false
     0 | D:1      | 0 ||| qw: Do Orc after D:15 true
     0 | D:1      | 0 ||| qw: Do second Lair branch before Depths: true
     0 | D:1      | 0 ||| qw: Lair rune preference: random
     0 | D:1      | 0 ||| qw: Plans: Normal
     0 | D:1      | 0 ||| PLANNING D:1-11
    37 | D:1      | 37 ||| FLEEEEING.
    49 | D:1      | Reached XP level 2. HP: 23/25 MP: 1/1
   138 | D:1      | Reached skill level 5 in Ranged Weapons
   343 | D:1      | Reached skill level 3 in Fighting
   705 | D:1      | 705 ||| READING 2 scrolls labelled IMEURINAZI.
   706 | D:1      | 706 ||| READING scroll labelled GODENADOUNY.
   707 | D:1      | 707 ||| READING scroll labelled TEEMIU PEBLAI.
   757 | D:1      | 757 ||| READING scroll labelled TONNYF YLOKHLA.
   761 | D:1      | 761 ||| DRINKING 2 bubbling yellow potions.
   762 | D:1      | 762 ||| DROPPING scroll of butterflies.
   813 | D:2      | Reached XP level 3. HP: 31/31 MP: 2/2
   817 | D:2      | 817 ||| STAIRDANCE
  1284 | D:2      | Reached XP level 4. HP: 21/38 MP: 3/3
  1445 | D:2      | Reached skill level 6 in Ranged Weapons
  1719 | D:2      | Found a runed translucent door.
  1720 | D:2      | Noticed Crazy Yiuf
  1821 | D:2      | 1821 ||| READING scroll labelled OBEOCSOYSUI.
  1822 | D:2      | 1822 ||| READING scroll labelled RUDWEF XIUXANLUIH.
  1823 | D:2      | 1823 ||| DRINKING 2 black potions.
  1824 | D:2      | 1824 ||| READING 2 scrolls of identify.
  1824 | D:2      | 1824 ||| IDENTIFYING green potion
  1825 | D:2      | 1825 ||| DROPPING potion of attraction.
  2133 | D:3      | Noticed Grinder
  2138 | D:3      | Paralysed by Grinder for 4 turns
  2144 | D:3      | HP: 5/38 [Grinder (5)]
  2145 | D:3      | 2145 ||| DRINKING potion of heal wounds.
  2146 | D:3      | Paralysed by Grinder for 4 turns
  2148 | D:3      | Slain by Grinder

Levels and vault maps discovered:
D:1:      dreamdust_arrival_sigmund_warning, layout_loops_ring,
          minmay_misc_feat_four_crosses
D:2:      layout_loops_corners, uniq_crazy_yiuf_cottage
D:3:      layout_rooms, uniq_grinder

Skill      XL: |  1  2  3  4 |
---------------+-------------+-----
Ranged Weapons | 5 6 |  6.0
Fighting       | 3 |  3.5
Dodging        | |  2.1
Stealth        | |  0.7

Action                     |  1- 3 |  4- 6 || total
---------------------------+-------+-------++-------
   Fire: Shortbow          |   127 |    48 ||   175
    Use: Scroll            |     4 |     3 ||     7
         Potion            |     1 |     2 ||     3
 Armour: Leather armour    |    14 |     7 ||    21
  Dodge: Dodged            |    48 |    13 ||    61

Table legend:
 A = Non-vault XP
 B = Vault XP
 C = Vault XP percentage of total XP
 D = Non-vault monster count
 E = Vault monster count
 F = Vault count percentage of total count
                 A         B        C        D         E       F
            +---------+---------+-------+---------+---------+-------
      Total |     131 |       0 |   0.0 |      55 |       0 |   0.0
            +---------+---------+-------+---------+---------+-------
        D:1 |      42 |       0 |   0.0 |      24 |       0 |   0.0
        D:2 |      78 |       0 |   0.0 |      23 |       0 |   0.0
        D:3 |      11 |       0 |   0.0 |       8 |       0 |   0.0
            +---------+---------+-------+---------+---------+-------
